 Dungeon Crawl Stone Soup version 0.27.1-37-g7b29ead8ac (webtiles) character file.

Game seed: 1527913307885661900

483 Sharkman1231 the Skirmisher (level 6, 0/53 HPs)
             Began as a Draconian Wanderer on May 12, 2023.
             Slain by Pikel (7 damage)
             ... on level 5 of the Dungeon.
             The game lasted 00:04:32 (3682 turns).

Sharkman1231 the Skirmisher (Draconian Wanderer)    Turns: 3682, Time: 00:04:33

Health: 0/53       AC:  6    Str: 13    XL:     6   Next: 88%
Magic:  10/10      EV: 11    Int: 19    God:
Gold:   131        SH:  0    Dex: 13    Spells: 7/11 levels left

rFire    . . .     SeeInvis .   j - +2 dagger (protect)
rCold    . . .     Faith    .   (no shield)
rNeg     . . .     Spirit   .   (armour unavailable)
rPois    .         Reflect  .   (helmet restricted)
rElec    .         Harm     .   (no cloak)
rCorr    .         Rampage  .   (no gloves)
Will     .....                  (no boots)
Stlth    ++........             (no amulet)
HPRegen  0.17/turn              e - +4 ring of slaying
MPRegen  0.12/turn              q - ring of the Magpie {Int+6 Slay+3}

@: no status effects
A: AC +6, unfitting armour, cold-blooded
a: no special abilities


You were on level 5 of the Dungeon.
You visited 1 branch of the dungeon, and saw 5 of its levels.

You collected 131 gold pieces.

Inventory:

Hand Weapons
 d - a +0 dagger
 j - a +2 dagger of protection (weapon)
Jewellery
 e - a +4 ring of slaying (left hand)
 m - an amulet of faith
 q - the ring of the Magpie (right hand) {Int+6 Slay+3}
   (You acquired it on level 5 of the Dungeon)

   [ring of intelligence]

   Int:       It affects your intelligence (+6).
   Slay:      It affects your accuracy & damage with ranged weapons and melee
   (+3).
 r - a +6 ring of strength
Wands
 n - a wand of flame (12)
 p - a wand of iceblast (11)
 t - a wand of polymorph (6)
Scrolls
 f - a scroll of vulnerability
 g - 2 scrolls of amnesia
 i - a scroll of teleportation {unknown}
 l - a scroll of magic mapping {unknown}
Potions
 a - a potion of berserk rage
 c - a potion of lignification
 h - 2 potions of haste
 k - a potion of flight
 o - a potion of ambrosia
Miscellaneous
 b - a piece from Xom's chessboard (15/15)


   Skills:
 + Level 4.5 Fighting
 - Level 1.0 Polearms
 - Level 1.7 Stealth
 + Level 3.9 Unarmed Combat
 - Level 3.0 Spellcasting
 + Level 3.9 Conjurations
 - Level 1.7 Hexes
 + Level 1.0 Evocations


You had 7 spell levels left.
You knew the following spells:

 Your Spells              Type           Power      Damage    Failure   Level
a - Magic Dart            Conj           68%        1d6       3%          1
b - Mephitic Cloud        Conj/Pois/Air  7%         N/A       26%         3

Your spell library contained the following spells:

 Spells                   Type           Power      Damage    Failure   Level
 Slow                     Hex            9%         N/A       11%         2
 Conjure Flame            Conj/Fire      10%        6-21      21%         3
 Blink                    Tloc           N/A        N/A       22%         2
 Call Imp                 Summ           2%         N/A       22%         2


Dungeon Overview and Level Annotations

Branches:
Dungeon (5/15)
 Temple: D:4-7

Altars:
Zin

Annotations:
D:2 1 runed translucent door, Crazy Yiuf
D:5 Pikel


Innate Abilities, Weirdness & Mutations

Your plain brown scales are hard. (AC +6)
You cannot fit into any form of body armour.
You are cold-blooded and may be slowed by cold attacks.


Message History

Pikel burns you.
You hit Pikel.
Pikel is moderately wounded.
Pikel barely misses you.
You puncture Pikel!
Pikel is heavily wounded.
Pikel hits you with a +0 whip of flaming.
Pikel burns you.
You are too injured to fight recklessly!
You hit Pikel but do no damage. You tail-slap Pikel, but do no damage.
Pikel is heavily wounded.
Pikel hits you with a +0 whip of flaming.
Pikel burns you.
You hit Pikel but do no damage.
Pikel is heavily wounded.
Pikel hits you with a +0 whip of flaming.
Pikel burns you.
You puncture Pikel!
Pikel is severely wounded.
Pikel hits you with a +0 whip of flaming.
* * * LOW HITPOINT WARNING * * *
Pikel burns you.
* * * LOW HITPOINT WARNING * * *
You hit Pikel but do no damage.
Pikel is severely wounded.
Pikel hits you with a +0 whip of flaming.
* * * LOW HITPOINT WARNING * * *
Pikel burns you.
* * * LOW HITPOINT WARNING * * *
It was a potion of curing.
You feel better. Pikel misses you.
You closely miss Pikel. You tail-slap Pikel.
Pikel is severely wounded.
Pikel hits you with a +0 whip of flaming!
* * * LOW HITPOINT WARNING * * *
Pikel burns you.
* * * LOW HITPOINT WARNING * * *
You closely miss Pikel. You tail-slap Pikel, but do no damage.
Pikel is severely wounded.
Pikel hits you with a +0 whip of flaming!
You die...

..#.# #.#
############5.#
..#)# #.#
#.............#
.##.#
#.####.##########5##
.##.####.#.......#
#.#
...........#####.#
#.# ########...#
#.#######.# #...#
#.........# ##$.#
#K#########
#..#####@#
##.......# #########


You could see Pikel.

Vanquished Creatures
  An ice beast (D:5)
  2 lemures (D:5)
  2 scorpions (D:4)
  2 bullfrog skeletons (D:4)
  2 hounds
  A jelly (D:4)
  An iguana (D:4)
  A hound skeleton (D:4)
  3 adders
  A worm (D:4)
  2 dart slugs
  5 orcs
  6 ball pythons
  6 bats
  3 endoplasms
  2 giant cockroaches
  3 goblins
  3 hobgoblins
  2 jackals (D:2)
  A quokka (D:5)
  2 frilled lizards (D:1)
  7 kobolds
  4 rats
62 creatures vanquished.

Notes
Turn   | Place    | Note
-------+----------+-------------------------------------------
     0 | D:1      | Sharkman1231 the Draconian Wanderer began the quest for the
                  | Orb.
     0 | D:1      | Sharkman1231 set off with the following items: a +0 club, a
                  | piece from Xom's chessboard (15/15), a potion of
                  | lignification, a +0 dagger; and the following spell
                  | memorised: Magic Dart; and the following spells available
                  | to memorise: Slow, Blink, Call Imp, Conjure Flame, Mephitic
                  | Cloud
     0 | D:1      | Reached XP level 1. HP: 16/16 MP: 4/4
   391 | D:1      | Reached XP level 2. HP: 23/23 MP: 0/6
   525 | D:1      | Reached skill level 1 in Unarmed Combat
   730 | D:1      | Reached skill level 1 in Conjurations
  1061 | D:2      | Found a faded altar of an unknown god.
  1270 | D:2      | Found a runed translucent door.
  1271 | D:2      | Noticed Crazy Yiuf
  1418 | D:2      | Found a glowing silver altar of Zin.
  1485 | D:2      | Reached skill level 2 in Fighting
  1937 | D:3      | Reached XP level 3. HP: 29/29 MP: 3/7
  2543 | D:4      | Noticed a scorpion
  2552 | D:4      | Killed a scorpion
  2553 | D:4      | Reached skill level 3 in Fighting
  2553 | D:4      | Reached XP level 4. HP: 34/38 MP: 4/8
  2556 | D:4      | Reached XP level 5. HP: 41/45 MP: 5/9
  3187 | D:4      | Reached XP level 6. HP: 52/52 MP: 10/10
  3193 | D:4      | Reached skill level 4 in Fighting
  3460 | D:5      | Entered Level 5 of the Dungeon
  3501 | D:5      | Noticed an ice beast
  3508 | D:5      | Killed an ice beast
  3600 | D:5      | Noticed Pikel
  3651 | D:5      | Identified a scroll of acquirement
  3651 | D:5      | Acquired the ring of the Magpie {Int+6 Slay+3}
  3659 | D:5      | Learned a level 3 spell: Mephitic Cloud
  3682 | D:5      | Slain by Pikel

Illustrated notes

Levels and vault maps discovered:
D:1:      lightli_arrival_maybe_door_vault, layout_basic, hex_intersection,
          corner_web_ring
D:2:      layout_basic, basic_altar, dreamdust_ecumenical_altar_grove,
          uniq_crazy_yiuf_cottage
D:3:      layout_basic
D:4:      minmay_diamond_boxcup, layout_gridville, st_stairs_14
D:5:      layout_loops_ring, minmay_temple_entry_wispy, serial_glass,
          glass_columns_a, glass_columns_b, gup_sewer_entry_bowl,
          grunt_decor_mini_mirrors, uniq_pikel

Skill      XL: |  1  2  3  4  5  6 |
---------------+-------------------+-----
Unarmed Combat | 1 2 3 |  3.9
Conjurations   | 1 2 3 |  3.9
Fighting       | 2 3 4 |  4.5
Polearms       | |  1.0
Stealth        | |  1.7
Spellcasting   | |  3.0
Hexes          | |  1.7
Evocations     | |  1.0

Action                   |  1- 3 |  4- 6 || total
-------------------------+-------+-------++-------
Melee: Dagger            |    41 |   101 ||   142
       Tailslap          |     8 |    16 ||    24
       Unarmed           |     3 |       ||     3
       Punch             |     1 |       ||     1
 Cast: Magic Dart        |    64 |    18 ||    82
Evoke: Wand              |       |     5 ||     5
  Use: Scroll            |     3 |     4 ||     7
       Potion            |       |     1 ||     1
 Stab: Sleeping          |     1 |     5 ||     6
Armor: Skin              |    22 |    32 ||    54
Dodge: Dodged            |    32 |    48 ||    80
